← All builds
Front / Armada / Economy first / OBSERVED BUILD

Standard front

Armada Front build order · Supreme Isthmus

Standard economy-first Front play: Bot Lab and Vehicle Plant up immediately, units trickle to the coast and middle, with an Advanced Metal Extractor around 9:00 as the eco transition.

#eco · 1700 distinct matches · 248 players · 74% of Armada Front games · team won 61% of 1994 · Recently observed

HOW TO PLAY IT

Key timing: T2 constructor by 7:43

  1. Open mex and wind, drop Bot Lab and Vehicle Plant almost immediately.
  2. Pump Blitz, Rocketeer and Pawn to the coast to stop leaks first.
  3. Add Centurion and Janus once first units are moving up.
  4. Form units into a line pushing toward middle as numbers grow.
  5. Upgrade to Advanced Metal Extractor as the economy transition kicks in.

Phase by phase

TYPICAL OF ITS 1700 GAMES
  1. 1
  2. 2
  3. 3
PLAY THE OPENING

Follow the example game's first 6:00 step by step: what to build now, what comes next, and where it goes. At 1× it keeps pace with your own game.

  1. 1

    Up to the Bot Lab

    Economy
    • Metal Extractor2Mex
    Order
    1. Bot LabBot Lab after 2 mex, 1 winddone ~0:44, middle half 0:33–0:56

    Some games also: wind (48%) · Vehicle Plant (35%)

    By 0:28 in all: 2 mex

    The example game in this phase · 3 steps
    1. Mex ×2
    2. Wind
    3. Vehicle PlantVehicle Plantdone 0:41 · typical 0:47
  2. 2

    Bot Lab to 5:00

    Economy
    • Metal Extractor4Mex
    • Wind Turbine3Wind
    Builders
    • Construction Bot1 Con bot
    Army
    • Sentry1 Sentry
    • Rocketeer6 Rocketeer

    Some games also: Lazarus (49%) · tick (46%) · centurion (40%) · con vehicle (32%) · janus (32%)

    By 5:00 in all: 6 mex · 6 wind

    The example game in this phase · 30 steps
    1. RoverScout
    2. Wind
    3. RoverScout ×4
    4. Construction VehicleCon vehicle
    5. Wind
    6. JanusJanus
    7. Mex
    8. JanusJanus
    9. Mex
    10. Construction VehicleCon vehicle
    11. Mex
    12. StoutStout
    13. BlitzBlitz ×2
    14. SentrySentry
    15. BlitzBlitz ×3
    16. Construction VehicleCon vehicle
    17. BlitzBlitz ×2
    18. SentrySentry
    19. BlitzBlitz
    20. SentrySentry
    21. BlitzBlitz ×2
    22. Construction VehicleCon vehicle
    23. Dragon's TeethDragon's Teeth ×3
    24. WhistlerMissile truck
    25. Dragon's TeethDragon's Teeth ×4
    26. SentrySentry
    27. WhistlerMissile truck
    28. Dragon's TeethDragon's Teeth ×4
    29. WhistlerMissile truck
    30. Dragon's TeethDragon's Teeth
  3. 3

    5:00 to 10:00

    Economy
    • Metal Extractor1Mex
    • Wind Turbine14Wind
    Builders
    • Construction Turret2 Con turret
    Army
    • Sentry1 Sentry

    Some games also: rocketeer (45%) · energy storage (43%) · Lazarus (38%) · con bot (37%) · Radar Tower (36%)

    By 10:00 in all: 7 mex · 24 wind · 1 energy storage · 3 con turret

    The example game in this phase · 53 steps
    1. Dragon's TeethDragon's Teeth
    2. WhistlerMissile truck
    3. Dragon's TeethDragon's Teeth
    4. WhistlerMissile truck
    5. Dragon's TeethDragon's Teeth ×2
    6. ShellshockerArty
    7. SentrySentry
    8. Dragon's TeethDragon's Teeth ×3
    9. ShellshockerArty
    10. Dragon's TeethDragon's Teeth ×6
    11. ShellshockerArty
    12. Dragon's TeethDragon's Teeth ×6
    13. ShellshockerArty
    14. Dragon's TeethDragon's Teeth ×3
    15. ShellshockerArty
    16. Mex
    17. BlitzBlitz ×3
    18. Mex
    19. BlitzBlitz
    20. SentrySentry
    21. BlitzBlitz
    22. SentrySentry
    23. Wind
    24. BlitzBlitz ×2
    25. Wind
    26. Advanced Metal ExtractorT2 mexdone 9:08 · typical 9:00
    27. BlitzBlitz
    28. SentrySentry
    29. BlitzBlitz
    30. Wind
    31. Advanced Metal ExtractorT2 mex
    32. BlitzBlitz ×2
    33. Con turret
    34. Wind
    35. BlitzBlitz
    36. Wind
    37. BlitzBlitz ×2
    38. Wind
    39. BlitzBlitz
    40. Advanced Metal ExtractorT2 mex
    41. BlitzBlitz
    42. Construction VehicleCon vehicle
    43. Wind ×2
    44. Dragon's TeethDragon's Teeth
    45. Advanced Metal ExtractorT2 mex
    46. Dragon's TeethDragon's Teeth ×3
    47. Advanced Metal ExtractorT2 mex
    48. Dragon's TeethDragon's Teeth
    49. Construction VehicleCon vehicle
    50. Dragon's TeethDragon's Teeth ×2
    51. Wind
    52. Construction VehicleCon vehicle
    53. Wind

Counts are medians over the build's games: half of them build more, half fewer. The example game is [BS]Hellzie's (41 OS, 14/10/2026); pick another.

Team trades

IN AT LEAST 30% OF ITS GAMES

You hand over

Nothing regular.

You get

  • Tidal Generator4 Tidal from Pondfirst at 0:17 · in 68% of games
  • Advanced Construction Bot1 T2 con bot from Geo or Techfirst at 7:24 · in 64% of games

How it plays out

Typical game of this build, running totals by minute

Metal produced

010k20k30k
0:005:0010:0015:00

metal

Enemy metal destroyed

05k10k
0:005:0010:0015:00

metal

Own metal lost

05k10k
0:005:0010:0015:00

metal

1994 games.

Show as table
ByMetal produced: This buildEnemy metal destroyed: This buildOwn metal lost: This build
1:0033300
2:008402131
3:001618135108
4:002700522333
5:0038471128787
6:00503519281428
7:00625027202303
8:00753535463173
9:00897343304071
10:001054250114810
11:001237555405548
12:001452859986409
13:001685964707001
14:001921771867827
15:002184978708694
WHAT THE NUMBERS SAY

Standard Front play wins more often than Suicide front and produces more metal by 15:00 while losing less of it.

  • + Metal produced reaches 22627 by 15:00, well above Suicide front's 20142.
  • + Own metal lost is 8944 by 15:00, lower than enemy metal destroyed ratio of Suicide front.
  • − First unit lost already at 1:43, showing exposure despite the safer position.
  • − Blitz dominates army share at 25%, leaving fewer Centurion for anti-swarm.
THE EXAMPLE YOU ARE READING

[BS]Hellzie

40.6 OS · 14/10/2026

Open source match ↗

8 received units · includes a constructor
161 metal received · 13503 energy received

Allied construction assistance is unknown. Timings are observations, not a promise of solo reproducibility.

Typical milestones

Bot Lab0:44Middle 50%: 0:33–0:56 · n=1332
Vehicle Plant0:47Middle 50%: 0:41–1:13 · n=1286
Advanced Metal Extractor9:00Middle 50%: 8:09–10:15 · n=1564

Played most by

haaven107games of this buildHummell107games of this buildLeohvm93games of this buildTheGeneraI75games of this buildXad69games of this build